 Dungeon Crawl Stone Soup version 0.31-a0-237-g2d982f9f85 (webtiles) character file.

Game seed: 13202949044398135009

29 qw the Shooter (level 3, -4/29 HPs)
             Began as a Minotaur Hexslinger on July 10, 2023.
             Slain by Sigmund
             ... wielding a +0 scythe
              (11 damage)
             ... on level 2 of the Dungeon.
             The game lasted 00:00:21 (1005 turns).

qw the Shooter (Minotaur Hexslinger)                Turns: 1005, Time: 00:00:21

Health: -4/29      AC:  2    Str: 12    XL:     3   Next: 1%
Magic:  3/3        EV: 12    Int: 10    God:
Gold:   47         SH:  0    Dex: 14    Spells: 3/4 levels left

rFire   . . .        Y - +1 sling
rCold   + . .        (no shield)
rNeg    . . .        c - +0 robe
rPois   +            (helmet restricted)
rElec   .            (no cloak)
rCorr   .            (no gloves)
SInv    .            (no boots)
Will    .....        (no amulet)
Stlth   +            g - ring of protection from cold
HPRegen 0.24/turn    h - ring of poison resistance
MPRegen 0.08/turn

%: no passive effects
@: no status effects
A: horns 2, retaliatory headbutt
a: no special abilities


You were on level 2 of the Dungeon.
You visited 1 branch of the dungeon, and saw 2 of its levels.

You collected 47 gold pieces.


Innate Abilities, Weirdness & Mutations

You have a pair of horns on your head.
You reflexively headbutt those who attack you in melee.


   Skills:
 - Level 2.0 Fighting
 + Level 3.6 Ranged Weapons
 - Level 2.1 Dodging
 - Level 1.0 Spellcasting
 - Level 2.0 Hexes


You had 3 spell levels left.
You knew the following spells:

 Your Spells              Type           Power      Damage    Failure   Level
a - Slow                  Hex            16%        N/A       16%         1

Your spell library contained the following spells:

 Spells                   Type           Power      Damage    Failure   Level
 Inner Flame              Hex/Fire       2%         N/A       56%         3
 Portal Projectile        Hex/Tloc       4%         N/A       56%         3
 Cause Fear               Hex            2%         N/A       83%         4

Inventory:

Hand Weapons
 Y - a +1 sling (weapon)
Armour
 c - a +0 robe (worn)
Jewellery
 g - a ring of protection from cold (left hand)
 h - a ring of poison resistance (right hand)
Potions
 d - a potion of curing {unknown}
 e - a potion of heal wounds {unknown}

Dungeon Overview and Level Annotations

Branches:
Dungeon (2/15)

Altars:

Shops:
D:1 =*:?

Annotations:
D:2 Sigmund


Message History

985 ||| STILL FLEEEEING.
986 ||| STILL FLEEEEING.
987 ||| STILL FLEEEEING.
988 ||| STILL FLEEEEING.
989 ||| STILL FLEEEEING.
990 ||| FLEEEEING.
991 ||| FLEEEEING.
992 ||| STILL FLEEEEING.
You start resting.
Sigmund is nearby!
You shoot a sling bullet.
The sling bullet hits Sigmund but does no damage.
Sigmund is lightly wounded.
Sigmund closely misses you.
You shoot a sling bullet.
The sling bullet closely misses Sigmund.
Sigmund barely misses you.
You shoot a sling bullet.
The sling bullet closely misses Sigmund.
Sigmund hits you from afar with a +0 scythe.
You shoot a sling bullet. The sling bullet hits Sigmund.
Sigmund is lightly wounded.
You shoot a sling bullet.
The sling bullet hits Sigmund but does no damage.
Sigmund is lightly wounded.
Sigmund hits you from afar with a +0 scythe!
You shoot a sling bullet. The sling bullet barely misses Sigmund.
Sigmund closely misses you.
You shoot a sling bullet. The sling bullet barely misses Sigmund.
Sigmund closely misses you.
You shoot a sling bullet.
The sling bullet hits Sigmund but does no damage.
Sigmund is lightly wounded.
Sigmund hits you from afar with a +0 scythe!
You shoot a sling bullet.
The sling bullet closely misses Sigmund.
You shoot a sling bullet. The sling bullet hits Sigmund.
Sigmund is heavily wounded.
Sigmund hits you from afar with a +0 scythe!
You die...

.......>.....
........... #......@..
#..# ### ### ##.# .
##.## ##.## ###@# ..
####...# #...###...#
..###.##.).###.%.##..###
#..#..#..#..#..#@.#.##
#.....#.###.#.###.#.#
#......# #...# #.@.#
##....## ##.## ##..#
#....# #.# #.##
#...######### ###
#.......##%..
#####......# . #.....##
..


You could see Sigmund.

Vanquished Creatures
  A dart slug (D:1)
  2 ball pythons
  7 endoplasms (D:1)
  A giant cockroach (D:1)
  4 hobgoblins (D:1)
  3 bats
  A frilled lizard (D:1)
  4 goblins (D:1)
23 creatures vanquished.

Notes
Turn   | Place    | Note
-------+----------+-------------------------------------------
     0 | D:1      | qw the Minotaur Hexslinger began the quest for the Orb.
     0 | D:1      | Reached XP level 1. HP: 16/16 MP: 1/1
     0 | D:1      | 0 ||| qw: Version: 0.3-a-52-g30416fa
     0 | D:1      | 0 ||| qw: Game counter: 5101
     0 | D:1      | 0 ||| qw: Melee chars always use a shield: true
     0 | D:1      | 0 ||| qw: God list: Okawaru
     0 | D:1      | 0 ||| qw: Allow faded altars: false
     0 | D:1      | 0 ||| qw: Do Orc after clearing Dungeon:15 true
     0 | D:1      | 0 ||| qw: Do second Lair branch before Depths: true
     0 | D:1      | 0 ||| qw: Lair rune preference: random
     0 | D:1      | 0 ||| qw: Goals: Normal
     0 | D:1      | 0 ||| PLANNING D:1-11
    22 | D:1      | Found Qyliw's General Store.
    31 | D:1      | 31 ||| SHOPLISTING scroll of identify (24 gold, have 0).
   133 | D:1      | Found Hekhlieb's Magic Scroll Emporium.
   136 | D:1      | 136 ||| SHOPLISTING scroll of enchant weapon (97 gold, have
                  | 5).
   136 | D:1      | 136 ||| SHOPLISTING scroll of identify (26 gold, have 5).
   136 | D:1      | 136 ||| SHOPLISTING scroll of teleportation (39 gold, have
                  | 5).
   168 | D:1      | Reached skill level 3 in Ranged Weapons
   168 | D:1      | Reached XP level 2. HP: 23/23 MP: 2/2
   172 | D:1      | Found Peas's Book Emporium.
   348 | D:1      | Found Kucek's Jewellery Emporium.
   356 | D:1      | 356 ||| SHOPLISTING +5 ring of evasion (432 gold, have 5).
   356 | D:1      | 356 ||| SHOPLISTING amulet of reflection (360 gold, have
                  | 5).
   356 | D:1      | 356 ||| SHOPLISTING ring "Vomivaos" {rCorr Int+6} (583
                  | gold, have 5).
   356 | D:1      | 356 ||| SHOPLISTING ring of fire (300 gold, have 5).
   356 | D:1      | 356 ||| SHOPLISTING ring of poison resistance (240 gold,
                  | have 5).
   356 | D:1      | 356 ||| SHOPLISTING ring of positive energy (240 gold, have
                  | 5).
   356 | D:1      | 356 ||| SHOPLISTING ring of resist corrosion (240 gold,
                  | have 5).
   356 | D:1      | 356 ||| SHOPLISTING ring of see invisible (180 gold, have
                  | 5).
   900 | D:1      | 900 ||| UPGRADING to ring of protection from cold.
   901 | D:1      | 901 ||| UPGRADING to ring of poison resistance.
   902 | D:1      | 902 ||| READING scroll labelled CUFACI RASILEO.
   903 | D:1      | 903 ||| DROPPING scroll of poison.
   965 | D:2      | Reached XP level 3. HP: 29/29 MP: 3/3
   981 | D:2      | Noticed Sigmund
   984 | D:2      | 984 ||| FLEEEEING.
   990 | D:2      | 990 ||| FLEEEEING.
   991 | D:2      | 991 ||| FLEEEEING.
  1003 | D:2      | HP: 7/29 [Sigmund/+0 scythe (7)]
  1005 | D:2      | Slain by Sigmund

Levels and vault maps discovered:
D:1:      saegor_arrival_simple_c, layout_loops_corners, serial_shops, shop,
          nicolae_shop_real_fake_doors, nicolae_square_shop, shop
D:2:      layout_rooms, serial_curves, eino_curves_02, eino_curves_03,
          eino_curves_03, eino_curves_02, serial_shops,
          nicolae_shop_rolling_square, shop, shop, shop, shop,
          serial_bayou_pond_c, minmay_tetromino_t4, uniq_crazy_yiuf_cottage,
          uniq_sigmund, uniq_natasha

Skill      XL: |  1  2 |
---------------+-------+-----
Ranged Weapons | 3 |  3.6
Fighting       | 2 |  2.0
Dodging        | |  2.1
Spellcasting   | |  1.0
Hexes          | |  2.0

Action                     || total
---------------------------++-------
   Fire: Sling             ||    73
    Use: Scroll            ||     1
 Armour: Robe              ||     2
  Dodge: Dodged            ||    11

Table legend:
 A = Non-vault XP
 B = Vault XP
 C = Vault XP percentage of total XP
 D = Non-vault monster count
 E = Vault monster count
 F = Vault count percentage of total count
                 A         B        C        D         E       F
            +---------+---------+-------+---------+---------+-------
      Total |      42 |       0 |   0.0 |      23 |       0 |   0.0
            +---------+---------+-------+---------+---------+-------
        D:1 |      39 |       0 |   0.0 |      21 |       0 |   0.0
        D:2 |       3 |       0 |   0.0 |       2 |       0 |   0.0
            +---------+---------+-------+---------+---------+-------
